 Dungeon Crawl Stone Soup version 0.22.0-27-ga576289 (webtiles) character file.

63 Amnesiac the Magician (level 3, -2/24 HPs)
             Began as a Mummy Air Elementalist on Aug 21, 2018.
             Killed by divine providence
             ... invoked by an orc priest
              (13 damage)
             ... on level 5 of the Dungeon.
             The game lasted 00:02:34 (713 turns).

Amnesiac the Magician (Mummy Air Elementalist)       Turns: 713, Time: 00:02:34

Health: -2/24      AC:  3    Str: 11    XL:     3   Next: 89%
Magic:  1/9        EV: 12    Int: 15    God:
Gold:   58         SH:  0    Dex: 12    Spells: 8/11 levels left

rFire    x . .     SeeInvis .   d - +1 trident
rCold    + . .     Gourm    .   (no shield)
rNeg     + + +     Faith    .   a - +0 robe
rPois    ∞         Spirit   .   (no helmet)
rElec    .         Reflect  .   c - +0 cloak
rCorr    .         Harm     .   (no gloves)
MR       .....                  (no boots)
Stlth    ++........             (no amulet)
HPRegen  0.08/turn              (no ring)
MPRegen  0.11/turn              (no ring)

@: no status effects
A: no food or potions, fire vulnerability, cold resistance 1, negative energy
resistance 3, torment resistance, unbreathing
a: no special abilities


You were on level 5 of the Dungeon.
You were not hungry.

You visited 1 branch of the dungeon, and saw 5 of its levels.

You collected 58 gold pieces.

Inventory:

Hand Weapons
 d - a +1 trident (weapon)
Armour
 a - a +0 robe (worn)
 c - a +0 cloak (worn)
Scrolls
 e - a scroll of fog {!r}


   Skills:
 - Level 1.5 Dodging
 - Level 1.5 Stealth
 + Level 4.6 Spellcasting
 - Level 0.7 Conjurations
 - Level 3.0 Air Magic


You had 8 spell levels left.
You knew the following spells:

 Your Spells              Type           Power        Failure   Level  Hunger
a - Shock                 Conj/Air       #...         8%          1    N/A
z - Swiftness             Chrm/Air       #.......     14%         2    N/A

Your spell library contained the following spells:

 Spells                   Type           Power        Failure   Level  Hunger
 Static Discharge         Conj/Air       #.......     24%         3    N/A
 Airstrike                Air            ##........   43%         4    N/A
 Lightning Bolt           Conj/Air       #.........   91%         5    N/A

Dungeon Overview and Level Annotations

Branches:
Dungeon (5/15)
 Temple: D:4-7

Altars:
Gozag
Trog

Annotations:
D:4 exclusion: goblin
D:5 Eustachio


Innate Abilities, Weirdness & Mutations

You do not eat or drink.
Your flesh is vulnerable to fire.
You are immune to poison.
Your flesh is cold resistant. (rC+)
You are immune to negative energy. (rN+++)
You are immune to unholy pain and torment.
You can survive without breathing.


Message History

The teleport trap disappears.
The bat disappears!
The bat misses you. The bat hits you but does no damage.
The bat closely misses you. x2
The bat closely misses you. The bat barely misses you. The bat hits you.
The bat hits you. The bat closely misses you.
You hear the slow hiss of a very distant avalanche of sand.
The bat barely misses you. The bat closely misses you.
A bat is nearby!
Really read
b - a scroll labeled XUMU YCOKEROCHU {!r}?
As you read the scroll labeled XUMU YCOKEROCHU {!r}, it crumbles to dust.
It is a scroll of identify.
e - a scroll of fog {!r} The bat misses you.
The bat hits you. The bat hits you but does no damage. The river rat bites you.
The bat misses you. The river rat misses you.
The bat closely misses you. x2; The bat hits you but does no damage. x2
The river rat bites you but does no damage.
The bat barely misses you. The bat hits you but does no damage.
The bat barely misses you. The bat closely misses you.
Casting: Shock (safe; 8% risk of failure)
Confirm with . or Enter, or press ? or * to list all spells.
Aiming: Shock (safe; 8% risk of failure)
Press: ? - help, Shift-Dir - straight line, f - orc priest, p - bat
Aim: an orc priest The zap hits the orc.
The orc is lightly wounded.
The zap hits the orc.
The orc is lightly wounded.
The zap hits the orc priest.
The orc priest is moderately wounded.
The bat hits you but does no damage. x2; The orc hits you with a flail.
The bat closely misses you.
Unknown command.
Casting: Shock (safe; 8% risk of failure)
Confirm with . or Enter, or press ? or * to list all spells.
Aiming: Shock (safe; 8% risk of failure)
Press: ? - help, Shift-Dir - straight line, p - orc priest The zap misses the bat.
The zap hits the orc.
The orc is severely wounded.
The zap hits the orc.
You kill the orc!
The bat hits you but does no damage. The bat barely misses you.
The orc hits you with a flail.
* * * LOW HITPOINT WARNING * * *
Unknown command.
Casting: Shock (safe; 8% risk of failure)
Confirm with . or Enter, or press ? or * to list all spells.
Aiming: Shock (safe; 8% risk of failure)
Press: ? - help, Shift-Dir - straight line The zap hits the orc.
The orc is moderately wounded.
The zap misses the orc priest.
The zap hits the orc priest.
The orc priest is moderately wounded.
The zap hits the bat.
You kill the bat!
The bat's corpse disappears in a puff of smoke!
The orc priest calls down the wrath of Beogh upon you.
Beogh smites you!
Ouch! That really hurt!
You die...

.$ ### #.#....### #
#.#....# #.##.###
#.#..# #.#.##
#.####.#.#
#...b..r.#
#######b##
######.@####.#
.....#.roo##.#######
#.#§b)...........
#.#..####......w.
#....#..# #########
######..# ####


You could see an orc priest, a river rat, an orc and a bat.

Vanquished Creatures
  An orc priest (D:5)
  2 adders
  A worm (D:3)
  4 orcs (D:5)
  A goblin (D:2)
  A hobgoblin (D:3)
  A jackal (D:2)
  A quokka skeleton (D:4)
12 creatures vanquished.

Notes
Turn   | Place    | Note
-------+----------+-------------------------------------------
     0 | D:1      | Amnesiac the Mummy Air Elementalist began the quest for the Orb.
     0 | D:1      | Reached XP level 1. HP: 13/13 MP: 4/4
   144 | D:2      | Found an opulent altar of Gozag.
   197 | D:2      | Reached XP level 2. HP: 19/19 MP: 0/5
   201 | D:2      | Learned a level 2 spell: Swiftness
   258 | D:3      | Found a bloodstained altar of Trog.
   331 | D:3      | Reached skill level 3 in Spellcasting
   652 | D:5      | Entered Level 5 of the Dungeon
   652 | D:5      | Noticed Eustachio
   659 | D:5      | Reached XP level 3. HP: 22/24 MP: 4/8
   671 | D:5      | Reached skill level 4 in Spellcasting
   713 | D:5      | Killed from afar by an orc priest

Skill      XL: |  1  2  3 |
---------------+----------+-----
Air Magic      | 3 |  3.0
Spellcasting   | 3 4 |  4.6
Dodging        | |  1.5
Stealth        | |  1.5
Conjurations   | |  0.7

Action                   || total
-------------------------++-------
Melee: Unarmed           ||     1
 Cast: Shock             ||    32
  Use: Scroll            ||     2
Armor: Robe              ||    24
Dodge: Dodged            ||    51
